[Event "Early-Titled-Tuesday-Blitz-January-16-2024"]
[Site "Chess.com"]
[Date "2024.01.16"]
[Round "7"]
[White "Jojo_898"]
[Black "GiorgianBarbosa"]
[Result "0-1"]
[WhiteElo "2463"]
[BlackElo "2612"]
[TimeControl "180+1"]
[EndTime "9:22:53 PST"]
[Termination "GiorgianBarbosa won on time"]

1. e4 c5 2. Nf3 g6 3. c3 Bg7 4. d4 cxd4 5. cxd4 d5 6. e5 Bg4 7. Nc3 e6 8. Bg5 Ne7 9. Bd3 O-O 10. h3 Bxf3 11. Qxf3 Nbc6 12. Qe3 Qb6 13. O-O Rfe8 14. Ne2 Rac8 15. a3 Na5 16. b4 Nc4 17. Qf4 Nc6 18. Rfc1 Nb2 19. Bb1 a5 20. Bf6 axb4 21.
axb4 Nxb4 22. Rf1 Qc7 23. Ng3 Bxf6 24. Qxf6 Qe7 25. Qf4 N2d3 26. Qf3 Nb2 27. Qg4 Kh8 28. Qf4 Nc4 29. Qh6 Qf8 30. Qh4 Qg7 31. Ra7 Rb8 32.
Qf4 Nc6 33. h4 Nxa7 34. h5 Nc6 35. h6 Qf8 36. Qf6+ Kg8 37. Nh5 Nb6 38. Ng7 Nd7 39.
Qf4 Ne7 40. Nxe8 Qxe8 41. Bd3 b5 42. g4 b4 43. Rb1 b3 44. Rb2 Rb4 0-1

[Event "Early-Titled-Tuesday-Blitz-January-16-2024"]
[Site "Chess.com"]
[Date "2024.01.16"]
[Round "7"]
[White "yonaltimur"]
[Black "Quattroporte300"]
[Result "1-0"]
[WhiteElo "2322"]
[BlackElo "2457"]
[TimeControl "180+1"]
[EndTime "9:22:53 PST"]
[Termination "yonaltimur won on time"]

1. e4 c5 2. Nf3 d6 3. Bb5+ Nd7 4. O-O a6 5. Be2 Ngf6 6. d3 g6 7. c3 Bg7 8. Nbd2 O-O 9. Re1 b5 10. Nf1 Bb7 11. Ng3 e5 12. a4 Bc6 13. axb5 axb5 14.
Be3 Qc7 15. Qd2 Ng4 16. Reb1 Nxe3 17. Qxe3 Nb6 18. Qc1 c4 19. Rxa8 Bxa8 20. Ra1 cxd3 21.
Bxd3 Bc6 22. Ra6 Na4 23. c4 Nc5 24. cxb5 Nxa6 25. bxa6 Qb6 26. Nd2 Bh6 27. Qc2 Ra8 28. h3 Bb5 29. Qb3 Bxd2 30. Qxb5 Qxb5 31. Bxb5 Kf8 32.
Ne2 Ke7 33. Kf1 Kd8 34. Ng3 Kc7 35. Ke2 Kb6 36. Bd3 Bc1 37. b3 h5 38. Kd1 Rc8 39.
Ne2 Ba3 40. Bc4 f6 41. Nc3 Bb2 42. Nd5+ Ka7 43. f3 f5 44. Ne7 Rf8 45. Nxg6 Rf6 46.
exf5 Rxf5 47. Ne7 Rg5 48. Nc8+ Kb8 49. a7+ 1-0

[Event "Early-Titled-Tuesday-Blitz-January-16-2024"]
[Site "Chess.com"]
[Date "2024.01.16"]
[Round "7"]
[White "baki83"]
[Black "Tejas_Rama"]
[Result "0-1"]
[WhiteElo "2858"]
[BlackElo "2606"]
[TimeControl "180+1"]
[EndTime "9:22:54 PST"]
[Termination "Tejas_Rama won by resignation"]

1. e4 e5 2. Nf3 Nc6 3. Bb5 Nf6 4. O-O Nxe4 5. Re1 Nd6 6. Nxe5 Be7 7. Bf1 Nxe5 8. Rxe5 O-O 9. d4 Bf6 10. Re1 Re8 11.
Nc3 Rxe1 12. Qxe1 Bxd4 13. Bf4 Ne8 14. Nd5 c6 15. Ne7+ Kf8 16. Nxc8 Qf6 17. Qb4+ c5 18. Qd2 Rxc8 19. c3 Be5 20. Bxe5 Qxe5 21. Qxd7 Rc7 22. Qd3 g6 23. Rd1 Re7 24. g3 Nf6 25.
Bg2 b6 26. Bf3 Kg7 27. Kg2 Qc7 28. Qc4 Nd7 29. Bd5 Nf6 30. Bf3 Nd7 31. Ba8 Nf6 32.
h4 Qe5 33. Bf3 Qe6 34. Qxe6 Rxe6 35. a4 Re7 36. a5 Rd7 37. Ra1 Rd6 38. Kf1 Nd7 39. c4 Ne5 40. Bd5 b5 41. b3 bxc4 42.
bxc4 Nd3 43. Re1 Nxe1 44. Kxe1 Kf6 45. Kd2 Ke5 46. Ke3 Rxd5 47. f4+ Kd6 48. cxd5 Kxd5 49. g4 h5 50. f5 hxg4 51. Kf4 c4 52. Kxg4 c3 0-1

[Event "Early-Titled-Tuesday-Blitz-January-16-2024"]
[Site "Chess.com"]
[Date "2024.01.16"]
[Round "7"]
[White "SpongeBob_03"]
[Black "Chessbard1972"]
[Result "1-0"]
[WhiteElo "2220"]
[BlackElo "2390"]
[TimeControl "180+1"]
[EndTime "9:22:56 PST"]
[Termination "SpongeBob_03 won on time"]

1. e4 c5 2. Nf3 e6 3. c4 a6 4. Nc3 Qc7 5. d4 cxd4 6. Nxd4 Nf6 7. a3 b6 8. f3 Bb7 9. Be3 Nc6 10. g4 Ne5 11.
Rc1 h6 12. h4 Nexg4 13. fxg4 Nxe4 14. Nxe4 Bxe4 15. Rg1 Bd6 16. Bg2 Bg3+ 17. Kd2 Bxg2 18. Rxg2 Bxh4 19. Qf3 O-O 20. g5 hxg5 21. Bxg5 Bxg5+ 22.
Rxg5 Qh2+ 23. Rg2 Qh6+ 24. Qe3 Qxe3+ 25. Kxe3 f5 26. Rcg1 Rf7 27. Nf3 d6 28. Rg6 Re8 29.
Kd3 e5 30. Kc3 Rc7 31. Ng5 b5 32. b3 d5 33. Ne6 Rce7 34. Rxg7+ Rxg7 35. Nxg7 Rc8 36. Nxf5+ Kf8 37. Ne3 d4+ 38. Kd3 dxe3 39. cxb5 axb5 40. Re1 Kf7 41. Rxe3 Ke6 42. Ke4 Ra8 43. b4 Rd8 44. Rc3 Rd4+ 45. Ke3 Rd5 46. Rc6+ Kf5 47. Rc5 Rd1 48. Rxb5 Re1+ 49. Kd2 Ra1 50. Ra5 Ke4 51. b5 Kd4 52. b6 Ra2+ 53. Kc1 1-0

[Event "Early-Titled-Tuesday-Blitz-January-16-2024"]
[Site "Chess.com"]
[Date "2024.01.16"]
[Round "7"]
[White "Licancabur"]
[Black "mbchess97"]
[Result "1-0"]
[WhiteElo "2505"]
[BlackElo "2332"]
[TimeControl "180+1"]
[EndTime "9:22:57 PST"]
[Termination "Licancabur won on time"]

1. d4 Nf6 2. Bg5 g6 3. Bxf6 exf6 4. e3 Bg7 5. g3 Nc6 6. Bg2 b6 7. Ne2 Bb7 8. O-O O-O 9. c4 a5 10. Nbc3 f5 11. Nf4 Re8 12. Qd2 Rb8 13. Rfd1 Nb4 14. Bxb7 Rxb7 15. Ncd5 Nxd5 16. cxd5 c5 17. dxc6 dxc6 18.
Rac1 c5 19. dxc5 Qxd2 20. Rxd2 bxc5 21. Rxc5 Bxb2 22. Nd5 a4 23. h4 h5 24. a3 Bxa3 25. Nf6+ Kf8 26. Rc4 Re6 27. Rxa4 Bc1 28. Rd7 Rxf6 29.
Rxb7 Kg7 30. Raa7 Bd2 31. Rd7 Bc3 32. Rab7 f4 33. exf4 Rf5 34. Kf1 Ba1 35. Ke2 Bc3 36.
Kf3 Ba1 37. Rd3 Bf6 38. Ra3 Kg8 39. Raa7 Bg7 40. Ke4 Bf8 41. f3 Kg7 42. g4 hxg4 43. fxg4 Rf6 44. f5 gxf5+ 45. gxf5 Bc5 46. Ra5 Bf2 47.
h5 Kh6 48. Rd5 Kxh5 49. Rdd7 1-0

[Event "Early-Titled-Tuesday-Blitz-January-16-2024"]
[Site "Chess.com"]
[Date "2024.01.16"]
[Round "7"]
[White "ChampStan"]
[Black "Kotofeyca"]
[Result "1-0"]
[WhiteElo "2154"]
[BlackElo "2407"]
[TimeControl "180+1"]
[EndTime "9:22:57 PST"]
[Termination "ChampStan won on time"]

1. e4 c5 2. Nf3 d6 3. d4 cxd4 4.
Nxd4 Nf6 5. Nc3 a6 6. Bg5 e6 7. Qf3 Be7 8. O-O-O Qc7 9. g4 b5 10. h4 Bb7 11. Bxf6 gxf6 12. Qe3 Nd7 13. f4 b4 14.
Nce2 Nc5 15. Bg2 h5 16. g5 f5 17. Ng3 O-O-O 18. Rhg1 fxe4 19. Nxe4 Kb8 20. Nxc5 dxc5 21. Ne2 Rxd1+ 22. Kxd1 Bxg2 23. Rxg2 Qc6 24. Rg1 Qd5+ 25.
Kc1 Qxa2 26. Qe5+ Kb7 27. Qxh8 c4 28. Qe5 c3 29. bxc3 b3 30. Qe4+ Kb6 31. Kd2 b2 32.
Qd4+ Bc5 33. Qd8+ Kb7 34. Qd7+ Kb6 35. Qd8+ Kb7 36. Rd1 b1=Q 37. Rxb1+ Qxb1 38. Qd7+ Kb6 39. Qxf7 Qh1 40. Qxe6+ Kb5 41. Qd7+ Kb6 42. Qe6+ Kb5 43. g6 Qg2 44. g7 1-0

[Event "Early-Titled-Tuesday-Blitz-January-16-2024"]
[Site "Chess.com"]
[Date "2024.01.16"]
[Round "7"]
[White "PLAYER_2006_M"]
[Black "Oleksandr_Bortnyk"]
[Result "1-0"]
[WhiteElo "2910"]
[BlackElo "3089"]
[TimeControl "180+1"]
[EndTime "9:22:58 PST"]
[Termination "PLAYER_2006_M won on time"]

1. e4 Nf6 2. e5 Nd5 3. d4 d6 4.
Nf3 dxe5 5. Nxe5 c6 6. Nd2 Bf5 7. c3 Nd7 8. Ndf3 Nxe5 9. Nxe5 e6 10. Qf3 Bd6 11. Nc4 Bc7 12. Ne3 Bg6 13. Nxd5 Qxd5 14.
Qxd5 exd5 15. f3 Kd7 16. Kf2 Rae8 17. g3 Bf5 18. Bd2 a5 19. a3 h5 20. h4 a4 21.
Re1 Rxe1 22. Bxe1 Re8 23. Bd2 Bd6 24. Rg1 Kc7 25. Be2 Kb6 26. Bd1 Bd3 27. Be3 Kb5 28.
Re1 Re6 29. Bf4 Bxf4 30. gxf4 Rxe1 31. Kxe1 Ka5 32. Kd2 Bf1 33. f5 Bh3 34. f6 g6 35.
Ke3 Kb5 36. Be2+ Kb6 37. Kf4 Kc7 38. Kg5 b5 39. f4 Kd6 40. f5 Bxf5 41. Bxh5 Bc2 42.
Bg4 Be4 43. Kh6 Bf5 44. Bf3 Ke6 45. Kg7 Bh3 46. h5 1-0

[Event "Early-Titled-Tuesday-Blitz-January-16-2024"]
[Site "Chess.com"]
[Date "2024.01.16"]
[Round "7"]
[White "SmirnovTimofey2000"]
[Black "finec2"]
[Result "0-1"]
[WhiteElo "1993"]
[BlackElo "2310"]
[TimeControl "180+1"]
[EndTime "9:22:58 PST"]
[Termination "finec2 won on time"]

1. e4 c5 2. c3 d6 3. d4 Nf6 4.
dxc5 Nc6 5. cxd6 Nxe4 6. Be3 Nxd6 7. Nf3 g6 8. Be2 Bg7 9. O-O O-O 10. Nd4 Ne5 11.
Nd2 Nf5 12. Nxf5 Bxf5 13. Nf3 Qa5 14. Nd4 Be4 15. Bf3 Nxf3+ 16. Nxf3 Rfd8 17. Qe2 Bd3 18.
Qe1 Bxf1 19. Qxf1 Qd5 20. Nd4 e5 21. Nb3 b6 22. h3 Qd3 23. Qe1 Qc2 24. Rb1 Rd7 25.
Qc1 Qxc1+ 26. Rxc1 Rad8 27. Kf1 Rd1+ 28. Rxd1 Rxd1+ 29. Ke2 Rd7 30. f4 exf4 31. Bxf4 Re7+ 32. Kf3 Be5 33. Bg5 f6 34. Be3 Kf7 35. Nd4 Bxd4 36. Bxd4 f5 37. a4 Re4 38. a5 bxa5 39. Bxa7 a4 40. Bc5 Ke6 41. g4 Kd5 42. gxf5 gxf5 43.
Ba3 Kc4 44. Kg3 Kb3 45. Kf3 h5 46. Kg3 Re2 47. Kf4 Rxb2 48. c4 Kxa3 49. c5 Rc2 0-1

[Event "Early-Titled-Tuesday-Blitz-January-16-2024"]
[Site "Chess.com"]
[Date "2024.01.16"]
[Round "7"]
[White "XDPS"]
[Black "GHANDEEVAM2003"]
[Result "0-1"]
[WhiteElo "2902"]
[BlackElo "3014"]
[TimeControl "180+1"]
[EndTime "9:23:00 PST"]
[Termination "GHANDEEVAM2003 won on time"]

1. d4 d6 2. e4 g6 3. Nf3 Bg7 4. Be2 Nc6 5. d5 Ne5 6. Nxe5 Bxe5 7. O-O c5 8. Nd2 Bg7 9. Re1 Nf6 10. Bf1 O-O 11. h3 e6 12. dxe6 Bxe6 13. c3 d5 14.
exd5 Nxd5 15. Nc4 Qh4 16. Qf3 Rad8 17. Bd2 b5 18. Ne5 Nb6 19. Bf4 c4 20. Bg3 Qg5 21. h4 Qf6 22. Qb7 Ra8 23. Rad1 Rfb8 24. Qc6 a6 25. Rd6 Qf5 26. Nf3 Bd5 27. Qc7 Na4 28. Ne5 Rc8 29. Qa5 Be6 30. Nc6 Re8 31. Qc7 Bf8 32.
Rd2 Rac8 33. Qb7 Nc5 34. Qb6 Ne4 35. Rxe4 Qxe4 36. Nd4 Qa8 37. Re2 Bc5 38. Qa5 Bd5 39.
Rd2 Re1 40. f3 Re7 41. Bf2 Qa7 42. a4 Bb6 43. Qb4 a5 44. Qxb5 Rc5 45. Nc6 Bxc6 46. Rd8+ Bxd8 0-1

[Event "Early-Titled-Tuesday-Blitz-January-16-2024"]
[Site "Chess.com"]
[Date "2024.01.16"]
[Round "7"]
[White "cthulhuuu"]
[Black "sucof4reve"]
[Result "1-0"]
[WhiteElo "2400"]
[BlackElo "2049"]
[TimeControl "180+1"]
[EndTime "9:23:00 PST"]
[Termination "cthulhuuu won on time"]

1. e4 c5 2. Nf3 g6 3. g3 Bg7 4. Bg2 Nc6 5. O-O d6 6. d3 Nf6 7. Re1 O-O 8. e5 dxe5 9. Nxe5 Nxe5 10. Rxe5 Ng4 11. Re2 Bd4 12. c3 Bg7 13. h3 Ne5 14. d4 cxd4 15. cxd4 Nc6 16. d5 Ne5 17. Nc3 a6 18. Bf4 Nc4 19. Qb3 b5 20. a4 Bb7 21. d6 Bxg2 22. dxe7 Qd3 23. exf8=Q+ Rxf8 24. Rd1 Qf3 25. Qc2 Bh1 26. Qe4 Bxc3 27. Qxf3 Bxf3 28.
bxc3 Bxe2 29. Re1 Bf3 30. axb5 axb5 31. Bh6 Ra8 32. g4 Rd8 33. Kh2 f6 34. Kg3 Kf7 35.
Kxf3 Nd2+ 36. Kg2 Nc4 37. Bf4 Rd3 38. Rb1 Rd5 39. Bg3 Nd2 40. Rb4 h5 41. Bf4 Nc4 42.
Bb8 1-0

[Event "Early-Titled-Tuesday-Blitz-January-16-2024"]
[Site "Chess.com"]
[Date "2024.01.16"]
[Round "7"]
[White "Goryachkina"]
[Black "Road2GM3000"]
[Result "1-0"]
[WhiteElo "2678"]
[BlackElo "2486"]
[TimeControl "180+1"]
[EndTime "9:23:01 PST"]
[Termination "Goryachkina won by resignation"]

1. e4 c5 2. Nf3 d6 3. d4 cxd4 4.
Nxd4 Nf6 5. Nc3 a6 6. a4 e5 7. Nf3 Be7 8. Bg5 Be6 9. Bxf6 Bxf6 10. Nd5 Nc6 11. Bc4 O-O 12. O-O Bxd5 13. Bxd5 Rc8 14. c3 Ne7 15. Bxb7 Rb8 16. Bxa6 Rxb2 17. Bb5 Qa5 18.
Qxd6 Qxc3 19. Rac1 Qa5 20. Nxe5 Rd8 21. Nd7 Bg5 22. Rcd1 Ng6 23. Qb6 Qa8 24. Nc5 Rbd2 25. Rxd2 Bxd2 26. Qb7 Qa5 27. Nb3 Qc3 28. Nxd2 Qxd2 29.
Qc7 Ra8 30. Bc4 Nf4 31. Qxf7+ Kh8 32. Bb5 h6 33. Qf5 Rd8 34. h3 Ne2+ 35. Bxe2 Qxe2 36. a5 Qa2 37. Qb5 Ra8 38. Rd1 Qc2 39. Qd3 Qa2 40. a6 Qxa6 41. Qxa6 Rxa6 42. f3 Kg8 43. Rd7 Kf8 44. Kh2 Ra2 45. h4 Ra1 46. Kg3 Rb1 47. h5 Rc1 48. Kg4 Rh1 49. g3 Rf1 50. f4 Re1 51.
Kf5 Rd1 52. Rxd1 1-0

[Event "Early-Titled-Tuesday-Blitz-January-16-2024"]
[Site "Chess.com"]
[Date "2024.01.16"]
[Round "7"]
[White "Willi_Skibbe"]
[Black "HATilay"]
[Result "0-1"]
[WhiteElo "2403"]
[BlackElo "2575"]
[TimeControl "180+1"]
[EndTime "9:23:02 PST"]
[Termination "HATilay won on time"]

1. d4 Nf6 2. Nf3 c5 3. e3 e6 4. Bd3 Nc6 5. O-O Be7 6. b3 O-O 7.
Bb2 d5 8. a3 b6 9. Nbd2 Bb7 10.
Ne5 Rc8 11. f4 b5 12. Bxb5 Qb6 13. Bd3 cxd4 14. Nxc6 Qxc6 15. Bxd4 a5 16. Nf3 Qc7 17. Qe1 Ne4 18. Nd2 f5 19. Nxe4 fxe4 20. Bb5 Bc6 21.
Bxc6 Qxc6 22. Qxa5 Qxc2 23. b4 Bf6 24. Qb6 Rc6 25. Qa7 Rc4 26. Bxf6 Rxf6 27. Rf2 Qc3 28.
Raf1 d4 29. exd4 e3 30. Re2 Qd3 31. Rfe1 Rxf4 32. Qb8+ Rf8 33. Qe5 Rxd4 34. Qxe6+ Kh8 35. Qxe3 Qc4 36. Rf2 Rg8 37. Qe6 Qxe6 38. Rxe6 Rd3 39. Rf3 Rd1+ 40. Kf2 Rd2+ 41. Kg3 Rgd8 42. Re7 h5 43.
Ref7 R8d6 44. R7f5 Rg6+ 0-1

[Event "Early-Titled-Tuesday-Blitz-January-16-2024"]
[Site "Chess.com"]
[Date "2024.01.16"]
[Round "7"]
[White "deepfear"]
[Black "KevinGeorgeMicheal"]
[Result "1/2-1/2"]
[WhiteElo "1934"]
[BlackElo "2217"]
[TimeControl "180+1"]
[EndTime "9:23:02 PST"]
[Termination "Game drawn by repetition"]

1. e4 c6 2. d4 d5 3. exd5 cxd5 4. Bd3 Nf6 5. c3 Nc6 6. Bf4 Bg4 7. Qb3 Qd7 8. Nd2 e6 9. Ngf3 Bd6 10. Ne5 Bxe5 11. Bxe5 a6 12. O-O Nxe5 13. dxe5 Ng8 14. f4 Ne7 15. Nf3 Bf5 16. Rfd1 Bxd3 17.
Rxd3 O-O 18. Rad1 Qc7 19. Nd4 Nc6 20. Rf3 Nxd4 21. Rxd4 Rfc8 22. Qc2 Qc5 23. Qd3 Qb5 24. Qxb5 axb5 25. a3 Rc4 26. Rfd3 Kf8 27. Kf2 Ke7 28. Ke3 Raa4 29. g4 Kd7 30. h4 Kc6 31. Rxc4+ bxc4 32. Rd2 Ra8 33. f5 Kb5 34. Kf4 Ka4 35. g5 Kb3 36. h5 Re8 37. f6 g6 38. hxg6 hxg6 39. Rh2 Rd8 40. Ke3 b5 41. Kd4 Rc8 42. Rh7 Rc7 43. Rh2 Ka4 44. Rh7 Kb3 45. Rh2 Ka2 46. Rg2 Kb3 47. Rh2 1/2-1/2

[Event "Early-Titled-Tuesday-Blitz-January-16-2024"]
[Site "Chess.com"]
[Date "2024.01.16"]
[Round "7"]
[White "GothamChess"]
[Black "rikchessmx"]
[Result "1-0"]
[WhiteElo "2721"]
[BlackElo "2361"]
[TimeControl "180+1"]
[EndTime "9:23:04 PST"]
[Termination "GothamChess won by checkmate"]

1. e4 e5 2. Nc3 Nc6 3. Bc4 d6 4. d3 Nf6 5. f4 exf4 6. Bxf4 Na5 7. Bb3 Nxb3 8. axb3 Be7 9. Nf3 O-O 10. O-O a6 11. Kh1 c6 12. Qd2 Nh5 13. Bg5 Bxg5 14. Nxg5 h6 15.
Nf3 Qe7 16. Rf2 Nf6 17. h3 Nh5 18. g4 Nf6 19. Raf1 Nh7 20. Qf4 f6 21. h4 Bd7 22.
Ne2 g5 23. Qg3 c5 24. h5 b5 25. Re1 Bc6 26. Kh2 Rf7 27. Nc3 Re8 28. d4 Qc7 29. d5 Bb7 30. Rfe2 Bc8 31. Kg2 b4 32. Nd1 Qd7 33. Nf2 a5 34. Nd2 Ba6 35. Re3 Rfe7 36.
Ra1 Qc7 37. Nc4 Bxc4 38. bxc4 Qb6 39. b3 Ra8 40. Rf1 Rea7 41. e5 dxe5 42. Ne4 Rf7 43. Qf2 Raf8 44. Rf3 Kg7 45. Qxc5 Qxc5 46. Nxc5 a4 47.
Ne6+ Kg8 48. Nxf8 Kxf8 49. bxa4 Ke8 50. a5 Kd7 51. c5 Kc7 52. a6 Kb8 53. c6 Ka7 54. d6 Kb6 55. d7 Kc7 56. a7 Rf8 57.
Rxf6 Nxf6 58. Rxf6 Rxf6 59. a8=Q Rxc6 60. d8=Q# 1-0

[Event "Early-Titled-Tuesday-Blitz-January-16-2024"]
[Site "Chess.com"]
[Date "2024.01.16"]
[Round "7"]
[White "Ural_bogatyr"]
[Black "tigurones"]
[Result "1-0"]
[WhiteElo "2532"]
[BlackElo "2343"]
[TimeControl "180+1"]
[EndTime "9:23:04 PST"]
[Termination "Ural_bogatyr won on time"]

1. d4 d5 2. Nc3 c6 3. Bf4 Nd7 4. f3 g6 5. e4 dxe4 6. fxe4 e5 7. dxe5 Nc5 8. Qxd8+ Kxd8 9. Nf3 Ne6 10. O-O-O+ Ke8 11. Be3 Bg7 12. a4 Ne7 13. Bc4 Nc7 14. Bc5 Be6 15. Bxe6 Nxe6 16. Bd6 Rd8 17. h4 a6 18. a5 Nc8 19. Na4 Bh6+ 20. Kb1 Bf4 21. Bb4 Na7 22. c4 Be3 23. Rxd8+ Kxd8 24. Rd1+ Ke8 25.
Rd3 Bf2 26. Bd6 Nc8 27. b4 Nf4 28. Rd2 Be3 29. Rc2 Ne6 30. c5 Nd4 31. Nxd4 Bxd4 32. Rd2 Be3 33. Rd3 Bh6 34. Kc2 Bg7 35. Rf3 Bf8 36. Kd3 Be7 37. h5 Rf8 38. h6 Kd7 39. Nb2 Ke6 40. Nc4 Rd8 41. Ke2 Bg5 42. Ne3 f6 43.
Ng4 fxe5 44. Bxe5 Ne7 45. Bd6 Nc8 46. e5 Re8 47. Kd3 Ne7 48. Nf6 Rd8 49. Nxh7 Bxh6 50.
Rf6+ Kd5 51. Bxe7 Kxe5+ 52. Bxd8 Bg7 53. Rxg6 1-0

[Event "Early-Titled-Tuesday-Blitz-January-16-2024"]
[Site "Chess.com"]
[Date "2024.01.16"]
[Round "7"]
[White "Ducke13"]
[Black "C_K_G"]
[Result "1-0"]
[WhiteElo "2329"]
[BlackElo "2034"]
[TimeControl "180+1"]
[EndTime "9:23:04 PST"]
[Termination "Ducke13 won on time"]

1. d4 d5 2. g3 e6 3. Bg2 Nf6 4. Nf3 c5 5. O-O Nc6 6. c4 cxd4 7. cxd5 Qxd5 8. Nxd4 Qc5 9. Nxc6 bxc6 10. Be3 Qc4 11.
Nd2 Qa6 12. Rc1 Bd7 13. Nc4 Nd5 14. Ne5 Rd8 15. Qd4 f6 16. Nxd7 Rxd7 17. Qg4 Kf7 18. h4 Nxe3 19. fxe3 Qb6 20. Rxc6 Qxe3+ 21. Kh1 Bd6 22. Rf3 Qe5 23. Rd3 Rhd8 24. h5 Bb8 25. Rxd7+ Rxd7 26. Kh2 Rd2 27. Bf3 Rd1 28. Kh3 Rg1 29.
Bg2 f5 30. Qf3 Qf6 31. Rc8 Bd6 32. Ra8 Bc5 33. Rc8 Be7 34. Rc7 g5 35. hxg6+ hxg6 36.
Kh2 Rb1 37. Rxa7 g5 38. Qh5+ Kg7 39. Rb7 Ra1 40. a3 Rc1 41. a4 Rc2 42. b3 g4 43.
Qh4 Qxh4+ 44. gxh4 Kf6 45. h5 Rxe2 46. h6 Bd6+ 47. Kg1 1-0

[Event "Early-Titled-Tuesday-Blitz-January-16-2024"]
[Site "Chess.com"]
[Date "2024.01.16"]
[Round "7"]
[White "jk13"]
[Black "TrahtarBelarus"]
[Result "1-0"]
[WhiteElo "2699"]
[BlackElo "2890"]
[TimeControl "180+1"]
[EndTime "9:23:05 PST"]
[Termination "jk13 won by resignation"]

1. e4 c5 2. c3 Nf6 3. e5 Nd5 4. Bc4 Nb6 5. Bb3 d6 6. exd6 Qxd6 7. Nf3 Nc6 8. O-O Bf5 9. d4 cxd4 10. Nxd4 Nxd4 11. cxd4 e6 12. Nc3 Be7 13. Qf3 O-O 14.
d5 Rac8 15. Re1 Bf6 16. Bf4 e5 17. Nb5 Qb4 18. Bxe5 Bxe5 19. Rxe5 Bg4 20. Qg3 Qxb5 21. Qxg4 Nc4 22. Rg5 g6 23. Qd4 Nd6 24. h4 Qc5 25.
Qf4 Rfe8 26. h5 Re4 27. Qf6 Rh4 28. hxg6 hxg6 29. Rxg6+ fxg6 30. Qxg6+ Kh8 31. Qf6+ Kg8 32. Qxh4 Re8 33. Qg5+ Kf8 34. Rc1 Qd4 35. Rd1 Qg7 36.
Qxg7+ Kxg7 37. Kf1 Kf6 38. Re1 Rxe1+ 39. Kxe1 Ke5 40.
Ke2 b5 41. Ke3 a5 42. g4 Kf6 43. f4 a4 44. Bc2 Nc4+ 45. Kd4 Nxb2 46. Kc5 Nc4 47.
Bd3 Ne3 48. g5+ Ke7 49. Bxb5 a3 50. d6+ Ke6 51. d7 Ke7 52. Kd4 Nf5+ 53. Ke5 Ne3 54. g6 Ng4+ 55. Kf5 Ne3+ 56. Kg5 1-0

[Event "Early-Titled-Tuesday-Blitz-January-16-2024"]
[Site "Chess.com"]
[Date "2024.01.16"]
[Round "7"]
[White "KNVB"]
[Black "GalaxyRoman"]
[Result "1-0"]
[WhiteElo "2698"]
[BlackElo "2863"]
[TimeControl "180+1"]
[EndTime "9:23:06 PST"]
[Termination "KNVB won by resignation"]

1. d4 Nf6 2. Bf4 b6 3. e3 Bb7 4. h3 g6 5. Nf3 Bg7 6. Be2 d6 7. O-O O-O 8. Bh2 Nbd7 9. a4 a6 10. Re1 Re8 11. c4 e5 12. a5 Qe7 13. axb6 cxb6 14. Nc3 h5 15. Qb3 Rab8 16. Qa3 Nh7 17. Nd5 Bxd5 18. cxd5 a5 19. Bb5 Red8 20. Rac1 Rbc8 21.
Rc6 Nb8 22. Rxc8 Rxc8 23. dxe5 Rc5 24. exd6 Qd8 25. Qa4 Rxd5 26. e4 Rc5 27. e5 Nf8 28. Bf4 Nbd7 29. Be3 Rc8 30. Qe4 Nc5 31. Qd5 Nfe6 32.
Nd4 Nxd4 33. Bxd4 Ne6 34. Bc3 Nf4 35. Qf3 Ne6 36. g3 Rc5 37. Bf1 h4 38. Qe4 hxg3 39.
fxg3 Qg5 40. Kh2 Qd8 41. h4 b5 42. Bh3 b4 43. Bd2 Qc8 44. Bf4 Rc2+ 45. Re2 Rc4 46. Qf3 Qd8 47. Bxe6 fxe6 48. Qg4 Qe8 49. Rd2 Qd7 50.
Qxg6 Kh8 51. Bh6 Bxh6 52. Qxh6+ Kg8 53. Qg6+ Kh8 54. Rf2 Rc8 55. Rf7 1-0

[Event "Early-Titled-Tuesday-Blitz-January-16-2024"]
[Site "Chess.com"]
[Date "2024.01.16"]
[Round "7"]
[White "effefe"]
[Black "ural58"]
[Result "0-1"]
[WhiteElo "2308"]
[BlackElo "2492"]
[TimeControl "180+1"]
[EndTime "9:23:06 PST"]
[Termination "ural58 won by checkmate"]

1. d4 d5 2. c4 e5 3. cxd5 Qxd5 4. e3 exd4 5. exd4 Nc6 6. Nf3 Bg4 7. Be3 Bxf3 8. gxf3 O-O-O 9. Nc3 Bb4 10. a3 Bxc3+ 11. bxc3 Nf6 12. Bg2 Na5 13. O-O Nc4 14. Bc1 Rhe8 15. Qd3 Nd6 16. Bf4 Qc4 17. Qc2 Re2 18.
Qc1 Rde8 19. Rb1 Nf5 20. Rb4 Qd3 21. Rb2 Nd5 22. Be5 Rxb2 23. Qxb2 Qxc3 24. Qa2 c6 25. Bh3 g6 26. Bg2 Nh4 27. Bg3 Nxg2 28. Kxg2 Re1 29. Rxe1 Qxe1 30. Qc2 f5 31. Qc5 f4 32. Qf8+ Kc7 33.
Bxf4+ Nxf4+ 34. Qxf4+ Kb6 35. Qd6 Qc3 36. Qd8+ Ka6 37.
Qd6 Qc4 38. h4 Qd5 39. Qb4 b5 40. Qe7 Qxd4 41. Qxh7 Qf6 42. Kg3 c5 43. Qc7 c4 44.
Qc8+ Ka5 45. Qc5 a6 46. Qb4+ Kb6 47. f4 Qc6 48. Qc3 a5 49. Kg4 Qg2+ 50. Qg3 Qxg3+ 51. fxg3 c3 52. h5 gxh5+ 53. Kxh5 c2 54. f5 c1=Q 55.
f6 Qc5+ 56. Kg6 Qxa3 57. g4 Qf8 58. g5 b4 59. Kf5 b3 60. g6 b2 61. g7 b1=Q+ 62. Ke6 Qe4+ 63. Kd7 Qc6# 0-1

[Event "Early-Titled-Tuesday-Blitz-January-16-2024"]
[Site "Chess.com"]
[Date "2024.01.16"]
[Round "7"]
[White "R2D2PTY"]
[Black "maurovargas01"]
[Result "1-0"]
[WhiteElo "2231"]
[BlackElo "1850"]
[TimeControl "180+1"]
[EndTime "9:23:07 PST"]
[Termination "R2D2PTY won on time"]

1. e4 d5 2. exd5 Qxd5 3. Nc3 Qa5 4. Nf3 Nf6 5. d4 c6 6. Ne5 Bf5 7. Bc4 e6 8. g4 Be4 9. O-O Bd5 10. Bd3 Bd6 11. g5 Nfd7 12. f4 Nxe5 13. fxe5 Be7 14. Qh5 g6 15. Qh4 Nd7 16. a3 Qb6 17. Nxd5 cxd5 18.
Qf2 Rf8 19. a4 a5 20. c3 Nxe5 21. Bb5+ Nc6 22. Bf4 O-O-O 23. Rfc1 Bd6 24. b4 axb4 25. cxb4 Bxf4 26. Qxf4 Kd7 27. Bxc6+ bxc6 28. b5 Rc8 29. bxc6+ Rxc6 30. Rcb1 Qa7 31. a5 Rc4 32. Rd1 Ke7 33.
Qf6+ Kd7 34. Rab1 Rc7 35. Rb5 Qa6 36. Rbb1 Qxa5 37. Qg7 Qa8 38. Rf1 Qa4 39. Rxf7+ Rxf7 40. Qxf7+ Kd6 41. Rb6+ Rc6 42. Qf8+ Kc7 43. Rxc6+ Kxc6 44. Qf7 Kd6 45. Qf4+ 1-0

[Event "Early-Titled-Tuesday-Blitz-January-16-2024"]
[Site "Chess.com"]
[Date "2024.01.16"]
[Round "7"]
[White "Kaissa10"]
[Black "tactic"]
[Result "0-1"]
[WhiteElo "2270"]
[BlackElo "2549"]
[TimeControl "180+1"]
[EndTime "9:23:09 PST"]
[Termination "tactic won by checkmate"]

1. e4 d5 2. exd5 c6 3. dxc6 Nxc6 4. Nf3 e5 5. Nc3 Bd6 6. Bb5 Ne7 7. d3 Bg4 8. h3 Bh5 9. Ne4 Bc7 10. Ng3 Bg6 11. O-O O-O 12. Nh4 Nd4 13. Nxg6 Nxg6 14. Bc4 b5 15.
Bb3 a5 16. c3 Nxb3 17. axb3 Qd5 18. c4 Qb7 19. Qe2 Nh4 20. Qe4 Qxe4 21. dxe4 Bb6 22.
Bg5 Ng6 23. Rfd1 f6 24. Bd2 Rfc8 25. cxb5 Rc2 26. Rac1 Rxb2 27. Rc6 Bd4 28. Nf5 Rxb3 29. Nxd4 exd4 30. b6 a4 31. Ra1 Ne5 32. Rc7 Rxb6 33. Bf4 a3 34. Bxe5 fxe5 35. Rc5 a2 36. Rcc1 Rb2 37. Kf1 d3 38. Rd1 Ra3 39. g3 Kf7 40.
Kg2 Ke6 41. Kf3 Kd6 42. Ke3 Kc5 43. Rdc1+ Kb4 44. Rd1 Re2+ 45. Kf3 Kc3 46. Rac1+ Rc2 47.
Ra1 Kb2 48. Ke3 d2+ 49. Ke2 Rc1 50. Rxd2+ Kxa1 51. Rd5 Kb2 52. Rxe5 a1=Q 53. Rb5+ Rb3 54. Rxb3+ Kxb3 55. f4 Qd4 56. e5 Qe4+ 57. Kf2 Rc2+ 58. Kf1 Qh1# 0-1

[Event "Early-Titled-Tuesday-Blitz-January-16-2024"]
[Site "Chess.com"]
[Date "2024.01.16"]
[Round "7"]
[White "carokannlover213"]
[Black "Vesper2018"]
[Result "1/2-1/2"]
[WhiteElo "2773"]
[BlackElo "2570"]
[TimeControl "180+1"]
[EndTime "9:23:10 PST"]
[Termination "Game drawn by repetition"]

1. e4 c5 2. Nf3 d6 3. d4 cxd4 4. Nxd4 Nf6 5. Nc3 a6 6. Bc4 e6 7.
Be3 b5 8. Bb3 Be7 9. Qf3 Qc7 10.
g4 b4 11. Nce2 Bb7 12. g5 Nxe4 13. Qg4 Nc5 14. Rg1 Nbd7 15. f4 a5 16. Bc4 d5 17.
Bb5 Ba6 18. h4 Bxb5 19. Nxb5 Qb7 20. Nbd4 a4 21. h5 b3 22. g6 hxg6 23. hxg6 f5 24. Qg2 bxc2 25. Kf2 Qxb2 26. Kf3 Nf6 27. Rh1 Kd7 28.
Ng3 Nfe4 29. Rac1 Rxh1 30. Qxh1 Nxg3 31. Kxg3 Qc3 32. Kf3 Nd3 33. Ne2 Qa3 34. Rg1 Bf6 35. Kg2 Rc8 36. Qh7 Qb2 37. Kf3 c1=Q 38. Nxc1 Nxc1 39. Rxc1 Rxc1 40. Bxc1 Qxc1 41. Qg8 Qc3+ 42. Kg2 Qd2+ 43. Kf3 Qd3+ 44. Kf2 Qd4+ 45. Kf3 Qe4+ 46.
Kg3 Qe3+ 47. Kg2 Qxf4 48. Qf7+ Kd6 49. Qf8+ Ke5 50. Qb8+ Ke4 51. Qb4+ Bd4 52. Qb1+ Ke5 53. Qb8+ Ke4 54. Qb1+ Ke3 55. Qc1+ Ke4 56. Qb1+ 1/2-1/2